Cogmind - Beta 16 @@@ ROGUE MODE // 2025.11.15 @ 01:51:45 Player: ChromeKnight Result: Destroyed by OK-261(R) with Subdweller Laser Performance ------------- Evolutions (0) 0 Regions Visited (2) 400 Robots Destroyed (16) 80 Value Destroyed (590) 590 Prototype IDs (0) 0 Alien Tech Used (0) 0 Bonus (0) 0 TOTAL SCORE: 1070 Bonus ------- None Cogmind --------- Core Integrity 0/250 Matter 288/300 Energy 200/200 System Corruption 0% Temperature Cool (6) Movement Rolling (120) Ox1 Location -10/Subcaves Parts ------- > --- POWER (1) -------- Subdweller Power Source > --- PROPULSION (2) --- Light Treads Subdweller Monowheel > --- UTILITY (2) ------ Large Storage Unit Medium Armor Plating > --- WEAPON (2) ------- Heavy Assault Rifle Battle Rifle > --- INVENTORY (15) --- Subdweller Power Source Subdweller Power Source Subdweller Monowheel Subdweller Monowheel Heat Sink Small Storage Unit Subdweller Optics Makeshift Light Armor Plating Scrap Shield Heavy Assault Rifle Heavy Assault Rifle Heavy Assault Rifle Subdweller Machine Gun Peak State ------------ > --- POWER ------------ Subdweller Power Source > --- PROPULSION ------- Light Treads Subdweller Monowheel > --- UTILITY ---------- Large Storage Unit Medium Armor Plating > --- WEAPON ----------- Heavy Assault Rifle Battle Rifle > --- INVENTORY -------- Subdweller Power Source Subdweller Monowheel Subdweller Monowheel Heat Sink Small Storage Unit Subdweller Optics Medium Armor Plating Medium Armor Plating Makeshift Light Armor Plating Scrap Shield Heavy Assault Rifle Heavy Assault Rifle Heavy Assault Rifle Subdweller Machine Gun [Rating: 15] Favorites ----------- Power Ion Engine Engine Ion Engine Propulsion Light Treads Treads Light Treads Wheel Subdweller Monowheel Utility Medium Armor Plating Storage Large Storage Unit Processor Targeting Computer Protection Medium Armor Plating Weapon Heavy Assault Rifle Energy Gun Small Laser Ballistic Gun Heavy Assault Rifle Build | -11 -10 -10 ------- Run | Yrd Mat Sub Slots Evolved . | . . . Power . | . . . Propulsion . | . . . Utility . | . . . Weapon . | . . . Parts Attached 21 | 6 5 10 Power 4 | 1 . 3 Engine 4 | 1 . 3 Core . | . . . Reactor . | . . . Propulsion 5 | 2 . 3 Treads 3 | 2 . 1 Leg . | . . . Wheel 2 | . . 2 Hover . | . . . Flight . | . . . Utility 7 | 1 3 3 Device . | . . . Storage 2 | 1 1 . Processor 1 | . 1 . Hackware . | . . . Protection 4 | . 1 3 Artifact . | . . . Weapon 5 | 2 2 1 Energy Gun 2 | 2 . . Energy Cannon . | . . . Ballistic Gun 3 | . 2 1 Ballistic Cannon . | . . . Launcher . | . . . Special Weapon . | . . . Impact Weapon . | . . . Slashing Weapon . | . . . Piercing Weapon . | . . . Special Melee Weapon . | . . . Unidentified Prototypes . | . . . Parts Lost 6 | . . 6 Power 1 | . . 1 Propulsion 3 | . . 3 Utility 2 | . . 2 Weapon . | . . . Highest Loss Streak 3 | . . 3 To Critical Strikes . | . . . Average Backups 9 | . 2 13 Power . | . . . Propulsion 1 | . . 2 Utility 4 | . 1 6 Weapon 2 | . 1 3 Tool/Special . | . . . Unused Backups 14 | . 3 11 Power 1 | . . 1 Propulsion 2 | . . 2 Utility 4 | . . 4 Weapon 7 | . 3 4 Tool/Special . | . . . Average Slot Usage (%) 95 | . 89 98 Engine 13 | . 14 13 Treads 24 | . 28 22 Wheel 2 | . . 4 Storage 14 | . 14 14 Protection 10 | . 2 14 Energy Gun 6 | . 21 . Ballistic Gun 21 | . 5 28 Peak Build Rating 15 | 6 11 15 Average Rating 10 | 4 7 13 On Entrance 5 | . 6 11 Avg Prop Armor Cover (%) 8 | . . 8 Naked Turns . | . . . Heaviest Build 38 | 13 38 38 Greatest Support 40 | 40 40 40 Greatest Overweight (x) 1 | . . 1 Average Overweight (x) . | . . . Largest Inventory Capacity 15 | 8 15 15 Average Capacity 12 | 6 8 15 Most Carried 15 | 2 8 15 Average Carried 9 | . 2 13 Final Capacity 15 | 8 15 15 Final Carried 14 | 1 8 14 Class Distribution -------------------- 100% | Mutant Dominant Class ---------------- Mutant | -10/Materials Mutant | -10/Subcaves Resources | -11 -10 -10 ----------- Run | Yrd Mat Sub Matter Collected 722 | 240 70 412 Remotely . | . . . Salvage Created 715 | . 132 583 Parts 43 | . 7 36 Haulers Intercepted 1 | . 1 . Recyclers Shooed . | . . . Parts Field Recycled . | . . . Retrieved Matter . | . . . Parts Self-Destructed 5 | . . 5 Prevented . | . . . Parts Restored . | . . . Kills | -11 -10 -10 ------- Run | Yrd Mat Sub Combat Hostiles Destroyed 15 | . 2 13 Guns 15 | . 2 13 Classes Destroyed 3 | . 2 1 Hauler 1 | . 1 . Grunt 2 | . 2 . Subdweller 13 | . . 13 Best Kill Streak 3 | . 3 2 Combat Bots Only 2 | . 2 2 Max Kills in Single Turn 1 | . 1 1 Gunslinging . | . . . Exploded . | . . . Melee . | . . . Uniques/NPCs Destroyed . | . . . Combat | -11 -10 -10 -------- Run | Yrd Mat Sub Hostile Shots Fired 83 | . 6 77 Missed 17 | . 2 15 Hits 66 | . 4 62 Projectile 66 | . 4 62 AOE 2 | . . 2 Critical Strikes 1 | . . 1 Damage Taken 1507 | . 45 1462 Core 258 | . 12 246 Absorbed by Shields . | . . . Core Remaining (%) 100 | 100 . . Volleys Fired 65 | . 6 59 Largest 2 | . 2 2 Hottest 90 | . 90 48 Shots Fired 130 | . 12 118 Gun 130 | . 12 118 Cannon . | . . . Launcher . | . . . Special . | . . . Kinetic 118 | . . 118 Thermal 12 | . 12 . Explosive . | . . . Electromagnetic . | . . . Robot Hit Streak 21 | . 4 21 Robot Miss Streak 3 | . 1 3 Penetration Max . | . . . Secondary Targets 2 | . . 2 Max Gunslinging Chain 1 | . . 1 Shots Hit Robots 107 | . 9 98 Core Hits 32 | . 6 26 Critical Kills . | . . . Critical Parts Destroyed 1 | . . 1 Critical Strikes 3 | . 2 1 Burn 2 | . 2 . Destroy 1 | . . 1 Melee Attacks . | . . . Impact . | . . . Slashing . | . . . Piercing . | . . . Sneak Attacks . | . . . Combat Hostiles . | . . . Follow-up Attacks . | . . . Damage Inflicted 1530 | . 108 1422 Guns 1530 | . 108 1422 Cannons . | . . . Explosions . | . . . Melee . | . . . Ramming . | . . . Kinetic 1422 | . . 1422 Thermal 108 | . 108 . Explosive . | . . . Electromagnetic . | . . . Impact . | . . . Slashing . | . . . Piercing . | . . . Highest Corruption . | . . . Average Corruption . | . . . Corruption Purged . | . . . Corruption Blocked . | . . . Overload Shots . | . . . Overflow Damage . | . . . Projectiles . | . . . Explosions . | . . . Melee . | . . . Knockbacks . | . . . Impact . | . . . Kinetic . | . . . Secondary . | . . . Self-Inflicted Damage . | . . . Shots . | . . . Rammed . | . . . Targets Rammed . | . . . Kicked . | . . . Crushed . | . . . Highest Temperature 174 | . 174 . Average Temperature 80 | . 80 . Received Heat Transfer 258 | . 24 234 Siege Activations . | . . . Martial Activations . | . . . Shielding Activations . | . . . Robots Disrupted . | . . . Combat Hostiles . | . . . Robots Corrupted . | . . . Combat Hostiles . | . . . Parts Fried . | . . . Impact Corruptions . | . . . Robots Melted . | . . . Combat Hostiles . | . . . Parts Melted 1 | . . 1 Heat Transferred 445 | . 445 . Parts Sabotaged . | . . . Parts Stolen . | . . . Parts Stripped . | . . . Power Chain Reactions . | . . . Alert | -11 -10 -10 ------- Run | Yrd Mat Sub Maximum Alert Level . | . . . Low Security (%) 100 | 100 100 . Level 1 . | . . . Level 2 . | . . . Level 3 . | . . . Level 4 . | . . . Level 5 . | . . . High Security . | . . . Max Security . | . . . Peak Influence 40 | . 40 . Initial . | . . . Average 4 | . 5 . Influence Increases 47 | . 47 . Destroy 0b10 Robot/C 40 | . 40 . Destroy 0b10 Robot/NC 5 | . 5 . Destroy Leader 2 | . 2 . Influence Decreases 47 | . 47 . Time Decay 47 | . 47 . Squads Dispatched . | . . . Investigation . | . . . Extermination . | . . . Reinforcement . | . . . Assault . | . . . Garrison . | . . . Intercept . | . . . Searches Triggered . | . . . Construction Impeded . | . . . Haulers Reinforced . | . . . Active Scanning Responses . | . . . Cargo Convoy Interrupts . | . . . Stealth | -11 -10 -10 --------- Run | Yrd Mat Sub Distress Signals . | . . . Communications Jammed . | . . . Distress Signals . | . . . Times Spotted 16 | . 2 14 Peak Tracking Total 2 | . 2 2 Tactical Retreats . | . . . Traps | -11 -10 -10 ------- Run | Yrd Mat Sub Traps Triggered . | . . . Indirectly . | . . . Trap Hack Attempts . | . . . Triggered . | . . . Disarmed . | . . . Reprogrammed . | . . . Reused . | . . . Traps Extracted . | . . . Installed . | . . . Triggered . | . . . Machines | -11 -10 -10 ---------- Run | Yrd Mat Sub Machines Disabled . | . . . Max in Single Turn . | . . . Machines Repaired . | . . . Machines Dismantled . | . . . Machines Sabotaged . | . . . Overloaded Fab Kills . | . . . Hacking | -11 -10 -10 --------- Run | Yrd Mat Sub Machines Accessed 1 | . . 1 Terminals . | . . . Fabricators . | . . . Repair Stations . | . . . Recycling Units . | . . . Scanalyzers . | . . . Garrison Access . | . . . Total Hacks 4 | . . 4 Successful 4 | . . 4 Failed . | . . . Catastrophic . | . . . Database Lockouts . | . . . Manual . | . . . Terminals . | . . . Fabricators . | . . . Repair Stations . | . . . Recycling Units . | . . . Scanalyzers . | . . . Garrison Access . | . . . Terminal Hacks 4 | . . 4 Record 4 | . . 4 Fabricator Hacks . | . . . Repair Station Hacks . | . . . Recycling Unit Hacks . | . . . Scanalyzer . | . . . Garrison Access Hacks . | . . . Unauthorized Hacks . | . . . Terminals . | . . . Fabricators . | . . . Repair Stations . | . . . Recycling Units . | . . . Scanalyzers . | . . . Garrison Access . | . . . Data Cores Recovered . | . . . Used . | . . . Hacking Detections . | . . . Full Trace Events . | . . . Feedback Events . | . . . Feedback Blocked . | . . . Robot Schematics Acquired . | . . . Robots Built . | . . . Authchips . | . . . Time . | . . . Total Robot Build Rating . | . . . Part Schematics Acquired . | . . . Parts Built . | . . . Authchips . | . . . Time . | . . . Total Part Build Rating . | . . . Part Studies Acquired . | . . . Parts Repaired . | . . . Time . | . . . Parts Recycled . | . . . Recycled Matter . | . . . Retrieved Matter . | . . . Retrieved Components . | . . . Parts Scanalyzed . | . . . Part Schematics Acquired . | . . . Parts Damaged . | . . . Bothacking | -11 -10 -10 ------------ Run | Yrd Mat Sub Used RIF Installer . | . . . Robots Hacked . | . . . Non-combat . | . . . Combat . | . . . Robot Hacks Applied . | . . . Relay Couplers Released . | . . . Fabnet Peak Effective % . | . . . Robots Rewired . | . . . Allies Hacked . | . . . Hacks Repelled . | . . . Allies | -11 -10 -10 -------- Run | Yrd Mat Sub Total Allies . | . . . Largest Group . | . . . Highest-Rated Group . | . . . Highest-Rated Ally . | . . . Total Orders . | . . . Ally Attacks . | . . . Total Damage . | . . . Kills . | . . . Allies Corrupted . | . . . Allies Melted . | . . . Intel | -11 -10 -10 ------- Run | Yrd Mat Sub Active Infowar (turns) . | . . . Robot Analysis Total . | . . . Derelict Logs Recovered 1 | . . 1 Drone Launches . | . . . Drone Recoveries . | . . . Exploration | -11 -10 -10 ------------- Run | Yrd Mat Sub Turns Passed 1289 | 65 383 841 Spaces Moved 544 | 37 95 412 Core 3 | 3 . . Treads 365 | 34 95 236 Legs . | . . . Wheels 176 | . . 176 Hover . | . . . Flight . | . . . Fastest Speed 50 | 50 160 120 Average Speed 147 | 151 160 144 Slowest Speed 240 | 160 160 240 Overloaded Moves . | . . . Propulsion Burnouts . | . . . Robots Hopped . | . . . Potential Cave-ins . | . . . Cave-ins Triggered . | . . . Exploration Rate (%) 15 | 3 16 27 Regions Visited 2 Branch Regions 1 Pre-discovered Areas 1 | . . 1 Known Exits Taken . | . . . Unknown Exits Taken 2 | 1 1 . Scrap Searched 1 | . . 1 Spaces Dug . | . . . Terrain Destroyed . | . . . Melee . | . . . Projectile . | . . . AOE . | . . . Terrain Rammed . | . . . Walls Destroyed . | . . . Machines Disabled . | . . . Actions | -11 -10 -10 --------- Run | Yrd Mat Sub Total 906 | 44 315 547 Wait 245 | . 195 50 Move 542 | 36 94 412 Hop . | . . . Pick Up 23 | 2 9 12 Fast Attach 10 | 5 4 1 Attach 6 | 1 . 5 Detach . | . . . Swap 5 | . 1 4 Drop 10 | . 6 4 Fire 65 | . 6 59 Melee . | . . . Ram . | . . . Kick . | . . . Crush . | . . . Escape Stasis . | . . . Rewire . | . . . Trap . | . . . Miscellaneous . | . . . Route ------- -11/Scrapyard -10/Materials -10/Subcaves (discovered 2 exits: [*Mat] / [*Scr]) History --------- Turn | Location | Event 6 | -11/Scrapyard | Discovered new exit (range 16) 66 | -11/Scrapyard | Entered Materials 201 | -10/Materials | Discovered new exit (range 7) 322 | -10/Materials | Build established: Mutant 449 | -10/Materials | Entered Subcaves 450 | -10/Subcaves | Approached by a straggling Scientist 456 | -10/Subcaves | Learned Materials terminal intel 542 | -10/Subcaves | Learned location of Zion (-7) 542 | -10/Subcaves | Met a Zionite searching for "candidates" 558 | -10/Subcaves | Shifting Twisted Machinery released Mak. Light Armor Plating 672 | -10/Subcaves | Ambushed by Subdwellers from Twisted Machinery 776 | -10/Subcaves | Discovered new exit (range 15) 838 | -10/Subcaves | Scientist uncovered a shortcut to Scraptown 960 | -10/Subcaves | Core integrity fell below 50% 1186 | -10/Subcaves | Ambushed by Subdwellers from Twisted Machinery 1192 | -10/Subcaves | Visited Clippyterm 1195 | -10/Subcaves | Learned Factory stockpile data 1261 | -10/Subcaves | Lost 3 parts (1n2u) 1287 | -10/Subcaves | Core integrity fell below 20% 1290 | -10/Subcaves | Destroyed by OK-261(R) with Subdweller Laser Last Messages --------------- 01203_ Med. Armor Plating destroyed. 01205_ Machine disabled. 01213_ Sub. Monowheel destroyed. 01214_ P4-BRZ(R) suffers critical hit (Destroy). 01214_ Destroyed Sub. Power Source. 01220_ Sub. Monowheel melted. 01220_ P4-BRZ(R) destroyed. 01230_ Med. Armor Plating destroyed. 01233_ Q7-AJ2(R) affixes Scrap Shield Fragment to Scrap Shield. 01238_ Q7-AJ2(R) destroyed. 01242_ Acquired 53 matter. 01245_ Acquired Sub. Monowheel. 01246_ Acquired 40 matter. 01253_ Acquired 10 matter. 01264_ Subatomizers dissect the Disposable Heat Sink. 01288_ Clippyterm disabled. 01288_ 88-5VA(R) destroyed. 01288_ Switching to secondary target: OK-261(R). Map ----- +----------------------------------------------------+ | ?????????????????????????????????????????????????? | | ?????????????????????????????????????????????????? | | ?????????????????????????????????????????????????? | | ?????????????????????????????????????????????????? | | ?????????????????????????????????????????????????? | | ?????????????????????????????????????????????????? | | ?????????????????????????????????????????????????? | | ?????????????????????????????????????????????????? | | ?????????????????????????????????????????????????? | | ?????????????????????????????????????????????????? | | ?????????????????????????????????????????????????? | | ?????????????????????????????????????????????????? | | ?????????????????????????????????????????????????? | | ?????????????????????????????????????????????????? | | ?????????????????????????????????????????????????? | | ?????????????????????????????????????????????????? | | ?????????????????????????????????????????????????? | | ?????????????????????????????????????????????????? | | ?????????????????????????????????????????????????? | | ????????????????????????#######??????????????????? | | ????????????????????????# ""#??????????????????? | | ?????????????????????#### ! #??????????????????? | | ?????????????????????# ; &!&"#??????????????????? | | ?????????????????????# ; ;;#??????????????????? | | ?????????????????????# ;#?????????????????## | | ????????? ?????????###; @ ;#?????????????????# | | ???????? ######## ; %! ##??????????####### | | ????????# *%= "" ; #?????????##" &%## | | ????????## = "" #?????????# "## | | ????????? != "" R ##??####### ###### | | ????????? &*%# """ % # ##?# #" #?# | | ?????????????## % ### ### ### #### | | ??????????????##### ##?## # #" " / | | ??????????????????######??# # < ### ! | | ??????????????????????????# ##?## | | ??????????????????????????## ####### # % | | ???????????????????????????# ## ## ### | | ???????????????????????????# ##### | | ???????????????????????????# #??# | | ???????????????????????????## ## # ####?#% | | ?????????????????????????# ## ####????# | | ????????????????????????# ## ##??????### | | ????????????????????????# ### ##???????? | | ????????????????????????# ### #### #???????? | | ???????????????????????# ??## #?## ##???????? | | ???????????????????????# ## #?## ##???????? | | ????????????????????????# &!### #???????? | | ????????????????????????# [%# ##???????? | | ????????????????????????## && ####????????? | | ?????????????????????????##> # # #???????????? | +----------------------------------------------------+ Best States ------------- Heat Dissipation 25 Energy Generation 15 Energy Capacity 250 Matter Stores 300 Matter Capacity 300 Sight Range 16 Terrain Scan Density 10 Armor Coverage 225 Evasion (%) 40 Targeting Accuracy 5 Recoil Reduction 2 Item Schematics ----------------- None Robot Schematics ------------------ None Fabricated ------------ Nothing Repaired ---------- Nothing Studied --------- None Alien Tech Used ----------------- None Achievements -------------- None Challenges ------------ None Game ------ Seed FrostBehemothMace Manual? 0 Play Time 00:07:44 Cumulative 542.4 hours Start 2025.11.15 @ 01:47:18 End 2025.11.15 @ 01:51:45 Sessions 1 Manual Loads 0 Difficulty Rogue Special Mode None Game No. 879 Rogue 724 Adventurer 148 Explorer 7 Win Type - Total 26 Types 20/1/4/1/0/0/0/0/0/0 Lore% 78 Gallery% 80 Achievement% 66 Wizard Run 0 Options --------- Layout 1 ASCII 0 Keyboard 0 Movement Numpad Keybinds 0 Fullscreen 2 Font 24/Smallcaps Map View 50x40 Zoom Use 0% Tactical HUD 1 Map Filters NONE Filters NONE Steam 1 RUN: 568e7ea9-5d7d-4796-ba94-128acbaf5354